 Dungeon Sprint DCSS version 0.31-a0-596-g831eee08f1 (webtiles) character file.

Game seed: 4356504956949584597

116 sircluck the Chopper (level 5, -12/51 HPs)
             Began as a Hill Orc Fighter on Aug 20, 2023.
             Mangled by an ogre
             ... wielding a +0 giant spiked club
              (22 damage)
             ... in the Dungeon (Sprint IX: "|||||||||||||||||||||||||||||").
             The game lasted 00:00:31 (55 turns).

sircluck the Chopper (Hill Orc Fighter)               Turns: 55, Time: 00:00:31

Health: -12/51     AC:  7    Str: 21    XL:     5   Next: 0%
Magic:  5/5        EV:  9    Int:  8    God:
Gold:   0          SH:  5    Dex: 10    Spells: 4/4 levels left

rFire   . . .        a - +0 war axe
rCold   . . .        c - +0 buckler
rNeg    . . .        b - +0 scale mail
rPois   .            (no helmet)
rElec   .            (no cloak)
rCorr   .            (no gloves)
SInv    .            (no boots)
Will    .....        (no amulet) Stlth
                     (no ring)
HPRegen 0.28/turn    (no ring)
MPRegen 0.09/turn

%: no teleportation
@: on berserk cooldown, slowed, very slow
A: no striking features
a: no special abilities


You were in the Dungeon.
You visited 1 branch

Inventory:

Hand Weapons
 a - a +0 war axe (weapon)
Armour
 b - a +0 scale mail (worn)
 c - a +0 buckler (worn)
Potions
 d - a potion of might
 e - a potion of curing
 f - a potion of heal wounds
 g - a potion of haste
 h - 2 potions of magic


   Skills:
 + Level 6.6 Fighting
 + Level 6.6 Axes
 + Level 6.0 Armour
 + Level 6.1 Shields


You had 4 spell levels left.
You didn't know any spells.
Your spell library was empty.

Dungeon Overview and Level Annotations

Branches:
Dungeon (1/1)

Altars:


Message History

You kill the jelly!
Your Armour skill increases to level 6!
Your Shields skill increases to level 6!
You have reached level 5!
You feel stronger.
There is an open door here.
You slash the ogre!
The ogre is moderately wounded.
You are no longer berserk.
You are exhausted.
You feel yourself slow down. The ogre closely misses you.
You hit the ogre but do no damage.
The ogre is moderately wounded.
The ogre closely misses you.
You hit the ogre.
The ogre is heavily wounded.
The ogre hits you with a +0 giant spiked club!
* * * LOW HITPOINT WARNING * * *
You slash the ogre!
The ogre is severely wounded.
The ogre barely misses you. The ogre closely misses you.
Blink to where?
Press: ? - help, Q - select action, (/) - cycle Dir - move target
As you read the scroll of blinking, it crumbles to dust.
You close the door, pushing everything out of the way.
Things that are here:
a hobgoblin corpse; a hobgoblin corpse You start resting.
An ogre opens the door.
It is wielding a +0 giant spiked club.
You hit the ogre but do no damage.
The ogre is severely wounded.
The ogre hits you with a +0 giant spiked club.
* * * LOW HITPOINT WARNING * * *
You hit the ogre.
The ogre is almost dead.
The ogre barely misses you.
You hit the ogre.
The ogre is almost dead.
The ogre hits you with a +0 giant spiked club!!
You die...

▓▓▓
▓<▓
▓@▓
▓O▓
▓†▓
▓'▓
▓†▓
▓.▓
▓.▓
▓.▓
▓.▓


You could see an ogre.

Vanquished Creatures
  A hound (D)
  A jelly (D)
  2 iguanas (D)
  2 hobgoblins (D)
  A ball python (D)
  A bat (D)
  A rat (D)
9 creatures vanquished.

Notes
Turn   | Place    | Note
-------+----------+-------------------------------------------
     0 | D        | sircluck the Hill Orc Fighter began the quest for the Orb.
     0 | D        | Reached XP level 1. HP: 19/19 MP: 1/1
    24 | D        | Noticed a hound
    24 | D        | Noticed an iguana
    24 | D        | Noticed an iguana
    24 | D        | Noticed a jelly
    24 | D        | Noticed an ogre
    33 | D        | Killed a hound
    34 | D        | Reached skill level 5 in Fighting
    34 | D        | Reached XP level 2. HP: 17/29 MP: 2/2
    34 | D        | Reached XP level 3. HP: 21/36 MP: 3/3
    37 | D        | Reached skill level 5 in Axes
    37 | D        | Reached skill level 5 in Armour
    37 | D        | Reached skill level 5 in Shields
    37 | D        | Reached XP level 4. HP: 21/44 MP: 4/4
    41 | D        | Reached XP level 5. HP: 20/51 MP: 5/5
    55 | D        | Mangled by an ogre

Illustrated notes

Levels and vault maps discovered:
D:        linesprint [early_d, line_temple, items_1, d_10, items_2, lair_1,
          lair_end, items_3, orc_1, orc_end, items_4, d_15, swamp_1, shoals_1,
          snake_1, spider_1, d_20, vaults_1, items_5, swamp_end, shoals_end,
          snake_end, spider_end, vaults_end, d_27, items_6, zot_1, zot_end,
          crypt_end, forest_end, elf_end, slime_end, tomb_end, abyss_end,
          pan_hell_end]

Skill      XL: |  1  2  3  4 |
---------------+-------------+-----
Axes           | 4 5 6 |  6.6
Fighting       | 5 6 |  6.6
Armour         | 4 5 6 |  6.0
Shields        | 4 5 6 |  6.1

Action                     |  1- 3 |  4- 6 || total
---------------------------+-------+-------++-------
  Melee: War axe           |    25 |    11 ||    36
    Use: Potion            |     1 |       ||     1
         Scroll            |       |     1 ||     1
 Armour: Scale mail        |     9 |       ||     9
  Dodge: Dodged            |     9 |     5 ||    14
  Block: Buckler           |     4 |       ||     4

Table legend: (Time is in decaauts)
 A = Elapsed time spent in this place.
 B = Non-inter-level travel time spent in this place.
 C = Inter-level travel time spent in this place.
 D = Time resting spent in this place.
 E = Time spent auto-exploring this place.
 F = Levels seen in this place.
 G = Mean time per level.
                   A        B        C        D        E       F      G
               +--------+--------+--------+--------+--------+-----+--------+
         Total |     67 |     67 |      0 |      6 |      0 |   1 |   67.0 |
       Dungeon |     67 |     67 |      0 |      6 |      0 |   1 |   67.0 |
               +--------+--------+--------+--------+--------+-----+--------+

Top non-repeatable levels by time:
       D: 67 daAuts
